 Dungeon Crawl Stone Soup version 0.19.1-1-g22dce08 (webtiles) character file.

502 Peloso the Slasher (level 7, -1/58 HPs)
             Began as a Ghoul Gladiator on Dec 31, 2016.
             Slain by an ogre
             ... wielding a +0 giant spiked club
              (11 damage)
             ... on level 3 of the Dungeon.
             The game lasted 00:14:23 (3494 turns).

Peloso the Slasher (Ghoul Gladiator)                Turns: 3494, Time: 00:14:23

Health: -1/58      AC:  8    Str: 19    XL:     7   Next: 17%
Magic:  6/6        EV: 11    Int:  3    God:
Gold:   192        SH:  0    Dex: 11    Spells: 0 memorised, 6 levels left

rFire  . . .     SeeInvis .     a - +0 long sword
rCold  + . .     Gourm    +     v - +0 scale mail (curse)
rNeg   + + +     Faith    .     (no shield)
rPois  ∞         Spirit   .     c - +0 helmet
rElec  .         Reflect  .     u - +0 cloak
rCorr  .         Harm     .     (no gloves)
MR     .....                    (no boots)
Stlth  ..........               x - amulet of the gourmand
                                (no ring)
                                (no ring)

@: rotting
A: rotting body, claws 1, carnivore 3, cold resistance 1, negative energy
resistance 3, slow regeneration 1, torment resistance, unbreathing
a: no special abilities


You were on level 3 of the Dungeon.
You were not hungry.

You visited 1 branch of the dungeon, and saw 4 of its levels.

You collected 192 gold pieces.

Inventory:

Hand Weapons
 a - a +0 long sword (weapon)
Missiles
 d - 3 throwing nets (quivered)
Armour
 b - a +0 leather armour
 c - a +0 helmet (worn)
 u - a +0 cloak (worn)
 v - a cursed +0 scale mail (worn)
Jewellery
 o - an uncursed amulet of faith
 x - an amulet of the gourmand (around neck)
Scrolls
 e - a scroll of immolation {unknown}
 h - 5 scrolls of identify {unknown}
 i - 3 scrolls of enchant weapon {unknown}
 l - a scroll of enchant armour {unknown}
 m - 4 scrolls of remove curse {unknown}
 n - a scroll of fog {unknown}
 p - a scroll of noise {unknown}
 s - 6 scrolls of magic mapping {unknown}
 y - a scroll of teleportation {unknown}
Potions
 g - a potion of brilliance {unknown}
 k - a potion of haste
 r - a potion of heal wounds
 t - 2 potions of curing {unknown}
 w - a potion of degeneration {unknown}
 z - a potion of mutation {unknown}
Comestibles
 f - 3 meat rations
 j - a beef jerky
 q - a royal jelly
 A - a slice of pizza
 B - 4 chunks of flesh


   Skills:
 + Level 3.8 Fighting
 + Level 5.1 Long Blades
 + Level 2.0 Throwing
 + Level 2.7 Armour
 + Level 3.7 Dodging
 + Level 0.2 Stealth


You had 6 spell levels left.
You didn't know any spells.

Dungeon Overview and Level Annotations

Branches:
Dungeon (4/15)
 Temple: D:4-7

Altars:
Makhleb
Zin


Innate Abilities, Weirdness & Mutations

Your body is rotting away.
You thrive on raw meat.
You are immune to poison.
You have sharp fingernails.
You are carnivorous and can eat meat at any time.
Your flesh is cold resistant. (rC+)
You are immune to negative energy. (rN+++)
You regenerate slowly when monsters are visible.
You are immune to unholy pain and torment.
You can survive without breathing.


Message History

The ogre hits you with a giant spiked club!
You hit the ogre.
The ogre is moderately wounded.
The ogre hits you with a giant spiked club!!
You hit the ogre.
The ogre is heavily wounded.
You closely miss the ogre.
The ogre is heavily wounded.
The ogre hits you with a giant spiked club!
* * * LOW HITPOINT WARNING * * *
You hit the ogre.
The ogre is severely wounded.
The ogre hits you with a giant spiked club!
* * * LOW HITPOINT WARNING * * *
There is a stone staircase leading up here.
There is a stone staircase leading down here.
You hit the ogre.
The ogre is heavily wounded.
The ogre hits you with a giant spiked club!
You die...

#.##.######...#
#.##.# #####
#.##.# #####
#.##.# ....#
#.##.#####
###.#####.##>....#
# #.......######.#
###.#####.# #.#
....# #.# #@#
#.### #.# #O# #.#
#.# #.# #.# #.#
###.# ..# ##.##
#...# ..######...#
#.### .<#.)......#
#.# .##.####...#
#.# .##.#...####
#.#


You could see an ogre.

Vanquished Creatures
  A scorpion (D:4)
  3 orc priests (D:4)
  2 hounds (D:3)
  2 orc wizards (D:3)
  2 worker ants (D:4)
  9 adders
  2 oozes (D:3)
  5 worms
  2 dart slugs
  2 leopard geckos
  13 orcs
  9 bats
  A giant cockroach (D:3)
  8 goblins
  3 hobgoblins
  12 jackals
  9 kobolds
  A quokka (D:3)
  3 ball pythons
  A frilled lizard (D:3)
  2 rats
92 creatures vanquished.

Notes
Turn   | Place    | Note
-------+----------+-------------------------------------------
     0 | D:1      | Peloso the Ghoul Gladiator began the quest for the Orb.
     0 | D:1      | Reached XP level 1. HP: 17/17 MP: 0/0
   164 | D:1      | Reached XP level 2. HP: 20/24 MP: 1/1
   491 | D:1      | Reached skill level 3 in Long Blades
   517 | D:1      | Reached XP level 3. HP: 6/28 MP: 2/2
  1503 | D:2      | Reached XP level 4. HP: 37/37 MP: 3/3
  1814 | D:2      | Reached skill level 1 in Armour
  2326 | D:3      | Reached XP level 5. HP: 21/44 MP: 4/4
  2611 | D:3      | Reached skill level 4 in Long Blades
  2791 | D:3      | Found a burning altar of Makhleb.
  2800 | D:3      | Reached XP level 6. HP: 44/51 MP: 5/5
  2942 | D:3      | Noticed an angel
  2943 | D:3      | Found a glowing silver altar of Zin.
  3156 | D:4      | Reached skill level 5 in Long Blades
  3156 | D:4      | Reached XP level 7. HP: 11/58 MP: 6/6
  3494 | D:3      | Slain by an ogre

Skill      XL: |  1  2  3  4  5  6 |
---------------+-------------------+-----
Dodging        | 3 |  3.7
Throwing       | 2 |  2.0
Long Blades    | 3 4 5 |  5.1
Armour         | 1 2 |  2.7
Fighting       | 3 |  3.8
Stealth        | |  0.2

Action                   |  1- 3 |  4- 6 |  7- 9 || total
-------------------------+-------+-------+-------++-------
Melee: Long sword        |    88 |   237 |    69 ||   394
  Use: Potion            |     2 |     1 |       ||     3
  Eat: Chunk             |     5 |    16 |     6 ||    27
Armor: Leather armour    |    36 |    30 |       ||    66
       Scale mail        |       |    58 |    24 ||    82
Dodge: Dodged            |    99 |   139 |    49 ||   287
       Rpst.: Long sword |    35 |    41 |    17 ||    93
